PIO (24 & UNDER)
SEATTLE RAINIERS @ CHULA VISTA TACOS
08/31/2027
 
TOP OF THE 1ST
Seattle Rainiers batting - Pitching for Chula Vista Tacos : LHP Alonso Parrish
Pitching: LHP Alonso Parrish
Batting: RHB Doug Bell 0-0: Bunt missed!
0-1: Ball
1-1: Fly out, F9 (Flyball, 89D)
Batting: RHB David Pérez 0-0: Called Strike
0-1: Ball
1-1: Foul Ball, location: 2F
1-2: Foul Ball, location: 2F
1-2: Strikes out looking
Batting: LHB José Delgado 0-0: Foul Ball, location: 2F
0-1: Ball
1-1: Called Strike
1-2: Strikes out looking
Top of the 1st over - 0 run(s), 0 hit(s), 0 error(s), 0 left on base; Seattle 0 - Chula Vista 0
BOTTOM OF THE 1ST
Chula Vista Tacos batting - Pitching for Seattle Rainiers : RHP Ángel Estrada
Pitching: RHP Ángel Estrada
Batting: RHB Matt O'Rourke 0-0: Called Strike
0-1: Ball
1-1: Swinging Strike
1-2: Foul Ball, location: 2F
1-2: Strikes out swinging
Batting: LHB Gonzalo Benítez 0-0: Foul Ball, location: 2F
0-1: Ball
1-1: Foul Ball, location: 2F
1-2: Strikes out swinging passed ball, reaches first!
Batting: LHB John White 0-0: Ball
1-0: Ball
2-0: Fly out, F7 (Line Drive, 7)
Batting: RHB Javier González 0-0: Ball
1-0: Ball
2-0: Foul Ball, location: 2F
2-1: Fly out, F9 (Flyball, 9LMF)
Bottom of the 1st over - 0 run(s), 0 hit(s), 0 error(s), 1 left on base; Seattle 0 - Chula Vista 0
TOP OF THE 2ND
Seattle Rainiers batting - Pitching for Chula Vista Tacos : LHP Alonso Parrish
Batting: RHB Cipriano Baca 0-0: Ground out 6-3 (Groundball, 6)
Batting: RHB Leonard Harris 0-0: Called Strike
0-1: Ball
1-1: Foul Ball, location: 2F
1-2: Strikes out swinging, 2-3 out at first.
Batting: RHB John Eaves 0-0: Hit by Pitch
Batting: RHB José Rosales 0-0: Called Strike
0-1: Ball
1-1: Called Strike
1-2: Foul Ball, location: 2F
1-2: Strikes out swinging
Top of the 2nd over - 0 run(s), 0 hit(s), 0 error(s), 1 left on base; Seattle 0 - Chula Vista 0
BOTTOM OF THE 2ND
Chula Vista Tacos batting - Pitching for Seattle Rainiers : RHP Ángel Estrada
Batting: LHB Steven Smith 0-0: Ball
1-0: Foul Ball, location: 2F
1-1: Called Strike
1-2: Ball
2-2: SINGLE (Line Drive, 8RS)
Batting: RHB Ray Rogers 0-0: Foul Ball, location: 2F
0-1: Foul Ball, location: 2F
0-2: Strikes out looking
Batting: LHB Nick Hill 0-0: Ball
1-0: Called Strike
1-1: Called Strike
1-2: Ball
2-2: Fielders Choice at 2nd, 3-6 (Groundball, 3)
Batting: RHB Preston Wooten 0-0: Ground out 4-3 (Groundball, 34S)
Bottom of the 2nd over - 0 run(s), 1 hit(s), 0 error(s), 1 left on base; Seattle 0 - Chula Vista 0
TOP OF THE 3RD
Seattle Rainiers batting - Pitching for Chula Vista Tacos : LHP Alonso Parrish
Batting: LHB Carlos Valentín 0-0: Ball
1-0: Ball
2-0: Ball
3-0: Base on Balls
Batting: SHB Claas van der Kuijl 0-0: Ball
1-0: Called Strike
1-1: Foul Ball, location: 2F
1-2: Strikes out swinging
Batting: RHB Doug Bell 0-0: DOUBLE (Groundball, 5L)
Carlos Valentín to third
Batting: RHB David Pérez 0-0: Ball
1-0: Foul Ball, location: 2F
1-1: Ball
2-1: Fly out, F7 (Flyball, 7S)
Batting: LHB José Delgado 0-0: Fly out, F8 (Flyball, 78M)
Top of the 3rd over - 0 run(s), 1 hit(s), 0 error(s), 2 left on base; Seattle 0 - Chula Vista 0
BOTTOM OF THE 3RD
Chula Vista Tacos batting - Pitching for Seattle Rainiers : RHP Ángel Estrada
Batting: LHB Pedro Camacho 0-0: Called Strike
0-1: Ball
1-1: Ball
2-1: Foul Ball, location: 2F
2-2: Strikes out swinging
Batting: RHB Matt O'Rourke 0-0: Called Strike
0-1: Ball
1-1: Foul Ball, location: 2F
1-2: Ball
2-2: Strikes out looking
Batting: LHB Gonzalo Benítez 0-0: Fly out, F6 (Popup, 6D)
Bottom of the 3rd over - 0 run(s), 0 hit(s), 0 error(s), 0 left on base; Seattle 0 - Chula Vista 0
TOP OF THE 4TH
Seattle Rainiers batting - Pitching for Chula Vista Tacos : LHP Alonso Parrish
Batting: RHB Cipriano Baca 0-0: Ball
1-0: Fly out, F8 (Line Drive, 8RM)
Batting: RHB Leonard Harris 0-0: Swinging Strike
0-1: Ball
1-1: Foul Ball, location: 2F
1-2: Foul Ball, location: 2F
1-2: Strikes out swinging
Batting: RHB John Eaves 0-0: Called Strike
0-1: Fly out, F8 (Flyball, 89M)
Top of the 4th over - 0 run(s), 0 hit(s), 0 error(s), 0 left on base; Seattle 0 - Chula Vista 0
BOTTOM OF THE 4TH
Chula Vista Tacos batting - Pitching for Seattle Rainiers : RHP Ángel Estrada
Batting: LHB John White 0-0: Called Strike
0-1: Called Strike
0-2: Ball
1-2: Ball
2-2: Ball
3-2: Base on Balls
Batting: RHB Javier González 0-0: Ball
1-0: Foul Ball, location: 2F
1-1: Foul Ball, location: 2F
1-2: Foul Ball, location: 2F
1-2: Ball
2-2: Strikes out swinging
Batting: LHB Steven Smith 0-0: Ball
1-0: Ball
2-0: Called Strike
2-1: Foul Ball, location: 2F
2-2: Foul Ball, location: 2F
2-2: Foul Ball, location: 2F
2-2: Foul Ball, location: 2F
2-2: Ball
3-2: Strikes out swinging
Batting: RHB Ray Rogers 0-0: Foul Ball, location: 2F
0-1: Ball
1-1: Foul Ball, location: 2F
1-2: Foul Ball, location: 2F
1-2: Ball
2-2: Ball
3-2: SINGLE (Flyball, 34D)
John White to second
John White to third
Batting: LHB Nick Hill 0-0: Foul Ball, location: 2F
0-1: Called Strike
0-2: Strikes out swinging
Bottom of the 4th over - 0 run(s), 1 hit(s), 0 error(s), 2 left on base; Seattle 0 - Chula Vista 0
TOP OF THE 5TH
Seattle Rainiers batting - Pitching for Chula Vista Tacos : LHP Alonso Parrish
Batting: RHB José Rosales 0-0: Called Strike
0-1: Foul Ball, location: 2F
0-2: Ground out U3 (Groundball, 3L)
Batting: LHB Carlos Valentín 0-0: Ball
1-0: Swinging Strike
1-1: Swinging Strike
1-2: Strikes out swinging
Batting: SHB Claas van der Kuijl 0-0: Called Strike
0-1: Swinging Strike
0-2: Strikes out swinging
Top of the 5th over - 0 run(s), 0 hit(s), 0 error(s), 0 left on base; Seattle 0 - Chula Vista 0
BOTTOM OF THE 5TH
Chula Vista Tacos batting - Pitching for Seattle Rainiers : RHP Ángel Estrada
Batting: RHB Preston Wooten 0-0: Swinging Strike
0-1: Ball
1-1: Swinging Strike
1-2: Strikes out swinging
Batting: LHB Pedro Camacho 0-0: Ball
1-0: Ball
2-0: Swinging Strike
2-1: Fly out, F6 (Popup, 56D)
Batting: RHB Matt O'Rourke 0-0: Foul Ball, location: 2F
0-1: Swinging Strike
0-2: Strikes out looking
Bottom of the 5th over - 0 run(s), 0 hit(s), 0 error(s), 0 left on base; Seattle 0 - Chula Vista 0
TOP OF THE 6TH
Seattle Rainiers batting - Pitching for Chula Vista Tacos : LHP Alonso Parrish
Batting: RHB Doug Bell 0-0: Foul Ball, location: 2F
0-1: Swinging Strike
0-2: Foul Ball, location: 2F
0-2: Foul Ball, location: 2F
0-2: Strikes out swinging
Batting: RHB David Pérez 0-0: Fly out, F4 (Popup, 34D)
Batting: LHB José Delgado 0-0: Called Strike
0-1: Foul Ball, location: 2F
0-2: Foul Ball, location: 2F
0-2: Ground out U3 (Groundball, 3)
Top of the 6th over - 0 run(s), 0 hit(s), 0 error(s), 0 left on base; Seattle 0 - Chula Vista 0
BOTTOM OF THE 6TH
Chula Vista Tacos batting - Pitching for Seattle Rainiers : RHP Ángel Estrada
Batting: LHB Gonzalo Benítez 0-0: Ball
1-0: Foul Ball, location: 2F
1-1: Called Strike
1-2: Foul Ball, location: 2F
1-2: Ball
2-2: Ball
3-2: Strikes out looking
Pitching: LHP David Vance
Batting: LHB John White 0-0: Ball
1-0: Reached on error, E4 (Groundball, 34)
Batting: RHB Javier González 0-0: Ball
1-0: Ball
2-0: Called Strike
2-1: Called Strike
2-2: Strikes out swinging
Batting: LHB Steven Smith 0-0: Ball
1-0: Called Strike
1-1: Ball
2-1: Ball
3-1: Base on Balls
John White to second
Pinch Runner at 2nd Conner Riley:
Batting: RHB Ray Rogers 0-0: Called Strike
0-1: Ball
1-1: Ball
2-1: Ball
3-1: Base on Balls
Conner Riley to third
Steven Smith to second
Batting: LHB Nick Hill 0-0: Swinging Strike
0-1: Called Strike
0-2: Foul Ball, location: 2F
0-2: Strikes out looking and he ARGUES THE CALL AND IS TOSSED!
Bottom of the 6th over - 0 run(s), 0 hit(s), 1 error(s), 3 left on base; Seattle 0 - Chula Vista 0
TOP OF THE 7TH
Seattle Rainiers batting - Pitching for Chula Vista Tacos : LHP Alonso Parrish
Now at C: José Oliveira
Batting: RHB Cipriano Baca 0-0: Ball
1-0: Ball
2-0: Swinging Strike
2-1: Called Strike
2-2: Ground out 5-3 (Groundball, 25)
Batting: RHB Leonard Harris 0-0: Fly out, F5 (Popup, 56S)
Pinch Hitting: RHB Roberto Pérez 0-0: Called Strike
0-1: Fly out, F9 (Flyball, 89M)
Top of the 7th over - 0 run(s), 0 hit(s), 0 error(s), 0 left on base; Seattle 0 - Chula Vista 0
BOTTOM OF THE 7TH
Chula Vista Tacos batting - Pitching for Seattle Rainiers : LHP David Vance
Now at 3B: Roberto Pérez
Pinch Hitting: RHB Gerald Davis 0-0: Ball
1-0: Foul Ball, location: 2F
1-1: Swinging Strike
1-2: Ball
2-2: Strikes out swinging
Pinch Hitting: RHB Juan Morales 0-0: Ball
1-0: SINGLE (Groundball, 6S) (infield hit)
Batting: RHB Matt O'Rourke 0-0: SINGLE (Line Drive, 56)
Juan Morales to second
Pinch Hitting: RHB Ron Garrett 0-0: SINGLE (Groundball, 56D)
Juan Morales to third
Matt O'Rourke to second
Runner from 3rd tries for Home, SAFE, throw made at trailing runner, SAFE at third!
Batting: RHB Conner Riley 0-0: Called Strike
0-1: Foul Ball, location: 2F
0-2: Foul Ball, location: 2F
0-2: Ball
1-2: Strikes out swinging
Batting: RHB Javier González 0-0: Foul Ball, location: 2F
0-1: Called Strike
0-2: Ball
1-2: Strikes out swinging
Bottom of the 7th over - 1 run(s), 3 hit(s), 0 error(s), 2 left on base; Seattle 0 - Chula Vista 1
TOP OF THE 8TH
Seattle Rainiers batting - Pitching for Chula Vista Tacos : LHP Alonso Parrish
Now at 2B: Gerald Davis
Now in CF: Juan Morales
Now in RF: Esteban Zamora
Batting: RHB José Rosales 0-0: SINGLE (Flyball, 8RS)
Pinch Hitting: SHB Eduardo Sánchez 0-0: Bunted foul
0-1: Sac Bunt - play at first, batter OUT! 1-4
José Rosales to second
Batting: SHB Claas van der Kuijl 0-0: Ball
1-0: Foul Ball, location: 2F
1-1: Ball
2-1: SINGLE (Groundball, 6MD)
José Rosales to third
Pinch Hitting: SHB Fernando Borges 0-0: Ball
1-0: Ball
2-0: Ball
3-0: Called Strike
3-1: Base on Balls
Claas van der Kuijl to second
Pitching: LHP Alejandro Flores
Pinch Hitting: SHB Júlio Ayala 0-0: Ball
1-0: Foul Ball, location: 2F
1-1: Ball
2-1: Ball
3-1: Base on Balls
José Rosales scores
Claas van der Kuijl to third
Fernando Borges to second
Batting: LHB José Delgado 0-0: Ball
1-0: Called Strike
1-1: Ball
2-1: Foul Ball, location: 2F
2-2: Strikes out swinging
Batting: RHB Cipriano Baca 0-0: Swinging Strike
0-1: Ball
1-1: Foul Ball, location: 2F
1-2: Foul Ball, location: 2F
1-2: Ball
2-2: Foul Ball, location: 2F
2-2: Ball
3-2: Foul Ball, location: 2F
3-2: Foul Ball, location: 2F
3-2: Foul Ball, location: 2F
3-2: Strikes out swinging
Top of the 8th over - 1 run(s), 2 hit(s), 0 error(s), 3 left on base; Seattle 1 - Chula Vista 1
BOTTOM OF THE 8TH
Chula Vista Tacos batting - Pitching for Seattle Rainiers : LHP David Vance
Now at 1B: Eduardo Sánchez
Now at SS: Kelsey Scott
Now in RF: Ramón Ramírez
Batting: LHB Steven Smith 0-0: Ball
1-0: Foul Ball, location: 2F
1-1: Swinging Strike
1-2: Ball
2-2: SINGLE (Groundball, 6MD)
Batting: RHB Ray Rogers 0-0: Sac Bunt - play at first, batter OUT! 2-4
Steven Smith to second
Batting: RHB José Oliveira 0-0: Ground out 6-3 (Groundball, 6)
Batting: RHB Gerald Davis 0-0: Intentional Walk
Batting: RHB Juan Morales 0-0: Ball
1-0: Called Strike
1-1: SINGLE (Flyball, 3D)
Steven Smith to third
Gerald Davis to second
Runner from 3rd tries for Home, SAFE, throw made home
Gerald Davis to third
Juan Morales to second
Batting: RHB Matt O'Rourke 0-0: Intentional Walk
Pitching: RHP Melvin Sharp
Batting: LHB Esteban Zamora 0-0: Called Strike
0-1: Ball
1-1: Foul Ball, location: 2F
1-2: Ball
2-2: Foul Ball, location: 2F
2-2: Foul Ball, location: 2F
2-2: Strikes out swinging
Bottom of the 8th over - 1 run(s), 2 hit(s), 0 error(s), 3 left on base; Seattle 1 - Chula Vista 2
TOP OF THE 9TH
Seattle Rainiers batting - Pitching for Chula Vista Tacos : LHP Alejandro Flores
Pitching: RHP Rick Hernández
Batting: RHB Leonard Harris 0-0: Foul Ball, location: 2F
0-1: Swinging Strike
0-2: Ball
1-2: Strikes out swinging
Batting: RHB Roberto Pérez 0-0: Foul Ball, location: 2F
0-1: Called Strike
0-2: Foul Ball, location: 2F
0-2: Ball
1-2: Foul Ball, location: 2F
1-2: Strikes out swinging, 2-3 out at first.
Batting: RHB José Rosales 0-0: Called Strike
0-1: Ball
1-1: Swinging Strike
1-2: Foul Ball, location: 2F
1-2: Reached on error, E4 (Groundball, 4)
Pinch Runner at 1st Alex Stewart:
Batting: SHB Eduardo Sánchez 0-0: Foul Ball, location: 2F
0-1: Foul Ball, location: 2F
0-2: Ball
1-2: Ball
2-2: Ball
3-2: Foul Ball, location: 2F
3-2: Fly out, F4 (Line Drive, 34)
Top of the 9th over - 0 run(s), 0 hit(s), 1 error(s), 1 left on base; Seattle 1 - Chula Vista 2
Thursday, March 30th, 2017 - OOTP Baseball 17.12 Build 75